[Event "Titled Tuesday Blitz April 18 Early 2023"]
[White "Weetik, Vjacheslav"]
[Black "Tarasova, Viktoriya"]
[WhiteFideId "4153472"]
[BlackFideId "4175840"]
[WhiteElo "2469"]
[BlackElo "2182"]
[Result "1-0"]
[Round "01"]
[TimeControl "180+2"]
[Date "2023.04.18"]
[WhiteClock "0:00:04"]
[BlackClock "0:00:01"]

1. d4 Nf6 2. Bf4 e6 3. e3 c5 4. c3 d5 5. Nd2 Bd6 6. Bxd6 Qxd6 7. Bd3 O-O 8. f4 b6 9. Ngf3 Ba6 10. Bxa6 Nxa6 11. Ne5 Nb8 12. O-O Nc6 13. Qe1 cxd4 14. exd4 Nd7 15. Qg3 f6 16. Nd3 Rae8 17. Rae1 f5 18. Ne5 Nf6 19. Qh4 Ne4 20. Nxe4 fxe4 21. Rf2 Nxe5 22. fxe5 Qd8 23. Qg4 Rxf2 24. Kxf2 Rf8+ 25. Ke2 Qd7 26. Kd2 Qf7 27. Re2 h5 28. Qg5 Kh7 29. b3 Qe8 30. Re3 Rf5 31. Qh4 g5 32. Qh3 g4 33. Qh4 Qf8 34. Re2 Qa3 35. Kd1 Kg6 36. Rf2 Qf8 37. Rxf5 Qxf5 38. Ke2 e3 39. Kxe3 Qe4+ 40. Kf2 Qc2+ 41. Kf1 Qd1+ 42. Qe1 Qd3+ 43. Kf2 Qf5+ 44. Kg1 Qc2 45. Qe3 Qxa2 46. b4 Qb1+ 47. Kf2 Qc2+ 48. Kg3 Qf5 49. h4 1-0


[Site "https://www.chess.com"]

[Event "Titled Tuesday Blitz April 18 Early 2023"]
[White "Arat, Ufuk Sezen"]
[Black "Wagner, Dennis"]
[WhiteFideId "6309089"]
[BlackFideId "24650684"]
[WhiteElo "2289"]
[BlackElo "2470"]
[Result "1-0"]
[Round "01"]
[TimeControl "180+2"]
[Date "2023.04.18"]
[WhiteClock "0:01:31"]
[BlackClock "0:00:02"]

1. e4 e5 2. Nf3 Nc6 3. c3 d5 4. Qa4 f6 5. Bb5 Ne7 6. exd5 Qxd5 7. d4 e4 8. c4 Qf5 9. Nfd2 Bd7 10. d5 Ne5 11. Bxd7+ Qxd7 12. Qxd7+ Kxd7 13. Nxe4 Nxc4 14. Nbc3 Re8 15. O-O Nxd5 16. Rd1 c6 17. Nxd5 cxd5 18. Nc3 Kc6 19. b3 Nb6 20. a4 Bb4 21. Be3 Bxc3 22. Rac1 Kd6 23. Rxc3 Rc8 24. Rcd3 Ke6 25. a5 Nd7 26. Rxd5 Ne5 27. Rd6+ Kf7 28. h3 Rc3 29. b4 Rb3 30. Bc5 Rc8 31. f4 Nc6 32. Rd7+ Kg6 33. f5+ Kxf5 34. Rxg7 Ne5 35. Rf1+ Ke6 36. Re7+ Kd5 37. Rxf6 b6 38. axb6 axb6 39. Rd6+ Ke4 40. Rd4+ Kf5 41. Bxb6 Rc1+ 42. Kh2 Rb2 43. Rd5 Re2 44. Bc7 Rcc2 45. Rexe5+ 1-0


[Site "https://www.chess.com"]

[Event "Titled Tuesday Blitz April 18 Early 2023"]
[White "Aradhya, Garg"]
[Black "Manon-og, Ramon Jr."]
[WhiteFideId "25006746"]
[BlackFideId "5200776"]
[WhiteElo "2263"]
[BlackElo "2389"]
[Result "1-0"]
[Round "01"]
[TimeControl "180+2"]
[Date "2023.04.18"]
[WhiteClock "0:00:02"]
[BlackClock "0:00:04"]

1. d4 Nf6 2. c4 g6 3. g3 d5 4. cxd5 Nxd5 5. Bg2 Bg7 6. Nf3 O-O 7. O-O c6 8. e4 Nb6 9. Nc3 Bg4 10. Be3 Nc4 11. Qb3 Nxe3 12. fxe3 Qb6 13. e5 Na6 14. Qc2 Nb4 15. Qe2 Rad8 16. h3 Bf5 17. e4 Be6 18. Kh2 Bh6 19. Na4 Qb5 20. Qxb5 cxb5 21. Nc3 Nc2 22. d5 Nxa1 23. Rxa1 Bd7 24. a3 Rc8 25. Bf1 a6 26. Rd1 Rfd8 27. Kg2 Be3 28. Nd4 Be8 29. Kf3 Bxd4 30. Rxd4 Rc5 31. h4 Rdc8 32. d6 exd6 33. exd6 Bd7 34. Nd5 Rd8 35. Nf6+ Kg7 36. Nxd7 Rxd7 37. Bh3 f5 38. Kf4 Kf6 39. g4 fxg4 40. Bxg4 Rd8 41. d7 h5 42. Bh3 Ke7 43. e5 Rc4 44. Rxc4 bxc4 45. e6 b5 46. Ke5 a5 47. Kd5 b4 48. axb4 axb4 49. Kxc4 Rb8 50. Kc5 b3 51. Kc6 Rb4 52. Bf1 Kd8 53. Bd3 Rd4 54. Bxg6 Rxh4 55. Kd6 Rd4+ 56. Ke5 Rd2 57. Kf6 Rf2+ 58. Bf5 Re2 59. Kf7 h4 60. Kf6 Re3 61. Kf7 Re2 62. Kf6 Re3 63. Kf7 Re5 64. Kf6 Re1 65. Kf7 h3 66. Bxh3 Rf1+ 67. Bxf1 1-0


[Site "https://www.chess.com"]

[Event "Titled Tuesday Blitz April 18 Early 2023"]
[White "LeoLV10"]
[Black "Samunenkov, Ihor"]
[BlackFideId "14187086"]
[WhiteElo "2388"]
[BlackElo "2457"]
[Result "0-1"]
[Round "01"]
[TimeControl "180+2"]
[Date "2023.04.18"]
[WhiteClock "0:00:04"]
[BlackClock "0:00:04"]

1. e4 c6 2. d4 d5 3. e5 Bf5 4. g4 Be4 5. f3 Bg6 6. e6 Qd6 7. exf7+ Bxf7 8. Ne2 Nd7 9. f4 h5 10. g5 e6 11. Nd2 Ne7 12. Nf3 h4 13. c3 Bh5 14. Ne5 Nf5 15. Bh3 O-O-O 16. Bxf5 exf5 17. Qc2 Qe6 18. Be3 Nxe5 19. fxe5 Bf3 20. Rf1 Be4 21. Qd2 Be7 22. Nf4 Qd7 23. Rg1 Kb8 24. Nh3 g6 25. Bf4 Ka8 26. Nf2 Bf3 27. Qe3 Bh5 28. Nd3 c5 29. a3 Qb5 30. Rg2 cxd4 31. Qxd4 Rc8 32. e6 Rhe8 33. Kd2 Rc4 34. Qg7 Rxf4 0-1


[Site "https://www.chess.com"]

[Event "Titled Tuesday Blitz April 18 Early 2023"]
[White "Srihari L R"]
[Black "Mika, Tomasz"]
[WhiteFideId "46617116"]
[BlackFideId "1132970"]
[WhiteElo "2334"]
[BlackElo "2179"]
[Result "1-0"]
[Round "01"]
[TimeControl "180+2"]
[Date "2023.04.18"]
[WhiteClock "0:01:18"]
[BlackClock "0:00:35"]

1. b3 d5 2. Bb2 Nc6 3. Nf3 Bg4 4. d4 Nf6 5. e3 e6 6. Nbd2 Be7 7. Be2 O-O 8. O-O h6 9. h3 Bh5 10. c4 Ne4 11. Nxe4 dxe4 12. Ne5 Bxe2 13. Qxe2 Nxe5 14. dxe5 Qe8 15. Rfd1 Qc6 16. Qg4 Rad8 17. Rd4 Bc5 18. Rxe4 Rd2 19. Bd4 Rd8 20. Bc3 Rc2 21. Be1 Qd7 22. b4 Be7 23. Rd4 Qc6 24. Rxd8+ Bxd8 25. Qd1 1-0


[Site "https://www.chess.com"]

[Event "Titled Tuesday Blitz April 18 Early 2023"]
[White "Khromkin, Andrey"]
[Black "Iliaguev, Nisim"]
[WhiteFideId "4154126"]
[BlackFideId "2817276"]
[WhiteElo "2384"]
[BlackElo "2241"]
[Result "0-1"]
[Round "01"]
[TimeControl "180+2"]
[Date "2023.04.18"]
[WhiteClock "0:00:05"]
[BlackClock "0:00:18"]

1. d4 Nf6 2. c4 e6 3. Nf3 Bb4+ 4. Bd2 Qe7 5. g3 O-O 6. Bg2 Bxd2+ 7. Qxd2 d6 8. Nc3 e5 9. O-O Nc6 10. Nd5 Nxd5 11. cxd5 Nxd4 12. Nxd4 exd4 13. Rac1 c5 14. dxc6 bxc6 15. Bxc6 Rb8 16. Rfe1 Qe5 17. b3 a5 18. Rc4 Rb4 19. Rxb4 axb4 20. Qxb4 Ba6 21. Bf3 h5 22. Qd2 Rc8 23. Rd1 h4 24. Qxd4 Rc1 25. e3 Qxd4 26. exd4 Rc2 27. Ra1 hxg3 28. hxg3 Rd2 29. d5 g5 30. Bg2 f5 31. Bf1 Bb7 32. Bc4 Kg7 33. a4 Kf6 34. a5 Ke5 35. a6 Ba8 36. a7 Kd4 37. Ra5 f4 0-1


[Site "https://www.chess.com"]

[Event "Titled Tuesday Blitz April 18 Early 2023"]
[White "Djordjevic, Vuk"]
[Black "Kaganskiy, Gleb"]
[WhiteFideId "902098"]
[BlackFideId "4132025"]
[WhiteElo "2452"]
[BlackElo "2165"]
[Result "1-0"]
[Round "01"]
[TimeControl "180+2"]
[Date "2023.04.18"]
[WhiteClock "0:00:12"]
[BlackClock "0:00:21"]

1. d4 Nf6 2. Bg5 Ne4 3. Bf4 d5 4. e3 c5 5. Bd3 Nc6 6. Bxe4 dxe4 7. d5 e5 8. Bg3 Nb4 9. Nc3 Bd6 10. a3 Na6 11. Nxe4 O-O 12. Nf3 f5 13. Nxd6 f4 14. Nxc8 fxg3 15. hxg3 Rxc8 16. Qd3 g6 17. Nxe5 c4 18. Qd4 Qf6 19. Nf3 Qf5 20. e4 Rce8 21. e5 Qxc2 22. e6 Rf5 23. O-O Nc7 24. Rac1 Qb3 25. d6 Nxe6 26. Qxc4 Qxc4 27. Rxc4 Rd5 28. Re1 Rxd6 29. Rce4 Kf8 30. Ng5 Nc7 31. Nxh7+ Kf7 32. Ng5+ Kf8 33. Rf4+ Kg8 34. Rxe8+ Nxe8 35. Re4 Kf8 36. Ne6+ Kf7 37. Ng5+ Kf8 38. f3 Rd1+ 39. Kf2 Rd2+ 40. Re2 Rd5 41. Ne6+ Kf7 42. Nf4 Rc5 43. Rd2 Nf6 44. Nd3 Rc7 45. Ne5+ Ke6 46. Nxg6 a5 47. Nf4+ Kf7 48. g4 a4 49. g5 Nd7 50. Kg3 Ne5 51. Rd5 Ng6 52. Nxg6 Kxg6 53. Rb5 b6 54. Kg4 Rc4+ 55. f4 Rd4 56. Rxb6+ Kg7 57. Rb4 Rd7 58. Rxa4 Kg8 59. Rb4 Rc7 60. g3 Kg7 61. f5 Rc8 62. g6 Kg8 63. Kg5 Rd8 64. g4 Rc8 65. Rb7 Rd8 66. a4 Rc8 67. a5 Ra8 68. a6 Rxa6 69. Rb8+ Kg7 70. f6+ Rxf6 71. Rb7+ Kg8 72. Kxf6 Kf8 73. Rb8# 1-0


[Site "https://www.chess.com"]

[Event "Titled Tuesday Blitz April 18 Early 2023"]
[White "Delorme, Axel"]
[Black "Matinian, Nikita"]
[WhiteFideId "632023"]
[BlackFideId "24129100"]
[WhiteElo "2478"]
[BlackElo "2422"]
[Result "1/2-1/2"]
[Round "01"]
[TimeControl "180+2"]
[Date "2023.04.18"]
[WhiteClock "0:01:02"]
[BlackClock "0:01:41"]

1. e4 c5 2. Nf3 d6 3. Bb5+ Nd7 4. Ba4 g6 5. O-O Bg7 6. c3 Nf6 7. Re1 e5 8. d4 O-O 9. dxe5 Nxe5 10. Nxe5 dxe5 11. Qxd8 Rxd8 12. Bg5 h6 13. Bxf6 Bxf6 14. Rd1 Bg4 15. f3 Rxd1+ 16. Bxd1 Rd8 17. Na3 Be6 18. Bb3 Rd2 19. Bxe6 fxe6 20. Nc4 Rc2 21. a4 h5 22. Rd1 b6 23. Rd7 a6 24. Rb7 h4 25. Rxb6 Rc1+ 26. Kf2 Rc2+ 27. Kf1 Rc1+ 28. Kf2 Rc2+ 29. Kf1 Rc1+ 30. Kf2 1/2-1/2


[Site "https://www.chess.com"]

[Event "Titled Tuesday Blitz April 18 Early 2023"]
[White "Korchmar, Vasiliy"]
[Black "Andreev, Konstantin"]
[WhiteFideId "24131750"]
[BlackFideId "24239305"]
[WhiteElo "2370"]
[BlackElo "2106"]
[Result "1-0"]
[Round "01"]
[TimeControl "180+2"]
[Date "2023.04.18"]
[WhiteClock "0:00:48"]
[BlackClock "0:01:01"]

1. e4 c5 2. Nf3 e6 3. g3 Nc6 4. Bg2 g6 5. O-O Bg7 6. c3 Nge7 7. d4 cxd4 8. cxd4 d6 9. Nc3 O-O 10. Be3 a6 11. Qd2 b5 12. Bh6 Bb7 13. d5 exd5 14. Bxg7 Kxg7 15. exd5 Ne5 16. Nxe5 dxe5 17. d6 Nc6 18. Rad1 Rc8 19. h4 h5 20. Rfe1 Qd7 21. Qe3 f6 22. Nd5 Rcd8 23. Nb6 Qe6 24. Qc5 Nd4 25. Qxd4 Bxg2 26. Kxg2 1-0


[Site "https://www.chess.com"]

[Event "Titled Tuesday Blitz April 18 Early 2023"]
[White "Leve, Nitai"]
[Black "Jaferian, Koosha"]
[WhiteFideId "2006898"]
[BlackFideId "12507440"]
[WhiteElo "2144"]
[BlackElo "2073"]
[Result "0-1"]
[Round "01"]
[TimeControl "180+2"]
[Date "2023.04.18"]
[WhiteClock "0:00:06"]
[BlackClock "0:00:19"]

1. e4 c6 2. d4 d5 3. exd5 cxd5 4. c4 Nf6 5. Nc3 Nc6 6. Nf3 Bg4 7. cxd5 Nxd5 8. Qb3 Bxf3 9. gxf3 e6 10. Qxb7 Nxd4 11. Bb5+ Nxb5 12. Qc6+ Ke7 13. Qxb5 Nxc3 14. bxc3 Rb8 15. Qc5+ Ke8 16. Qxa7 Bd6 17. Qa4+ Ke7 18. O-O Qc7 19. h3 Qxc3 20. Be3 Qe5 21. f4 Qh5 22. Qa7+ Kf6 23. Rfd1 Rbd8 24. Qd4+ Kg6 25. Qe4+ Qf5 26. Qg2+ Kh6 27. Qg5+ Qxg5+ 28. fxg5+ Kg6 29. a4 Be5 30. Rxd8 Rxd8 31. Ra2 Rd6 32. a5 Ra6 33. Kg2 Bc3 34. Rc2 Bb4 35. Rb2 Be1 36. Re2 Bc3 37. Rc2 Bb4 38. Rb2 Be7 39. Rb5 Kh5 40. Kg3 Bd6+ 41. f4 Rc6 42. Rb6 Rc3 43. Rxd6 Rxe3+ 44. Kf2 Rxh3 45. a6 Ra3 46. Rd7 Kg6 47. a7 f6 48. gxf6 gxf6 49. Rb7 h5 50. Kg2 Kf5 51. Rh7 Kxf4 52. Rf7 f5 53. Kf2 Ra2+ 54. Ke1 e5 55. Kd1 e4 56. Kc1 e3 57. Kb1 e2 58. Kxa2 e1=Q 59. a8=Q Qe6+ 60. Kb2 Qxf7 61. Qb8+ Kg5 62. Qg3+ Kh6 63. Qf4+ Kg6 64. Qg3+ Kh7 65. Kc2 f4 66. Qf3 Qf5+ 67. Kc1 Kg6 68. Qc6+ Kg5 69. Qg2+ Qg4 70. Qd5+ Kh4 71. Qe5 Qg1+ 72. Kd2 Qe3+ 73. Qxe3 fxe3+ 74. Ke2 Kg3 75. Kxe3 h4 76. Ke2 Kg2 77. Ke1 h3 0-1


[Site "https://www.chess.com"]

[Event "Titled Tuesday Blitz April 18 Early 2023"]
[White "jinbojinbo"]
[Black "Szyszylo, Rafal"]
[BlackFideId "1109626"]
[WhiteElo "2709"]
[BlackElo "1951"]
[Result "1-0"]
[Round "01"]
[TimeControl "180+2"]
[Date "2023.04.18"]
[WhiteClock "0:01:24"]
[BlackClock "0:00:43"]

1. c4 g6 2. Nc3 Nf6 3. d4 d6 4. g3 Bg7 5. Bg2 O-O 6. Nf3 c6 7. O-O Qb6 8. b3 e5 9. e3 e4 10. Nd2 d5 11. Ba3 Re8 12. cxd5 cxd5 13. Rc1 Nc6 14. h3 Be6 15. Qe2 h5 16. Na4 Qd8 17. Nc5 Qa5 18. Bb2 Qb6 19. Nxe6 Rxe6 20. a3 a5 21. Rc2 Re7 22. Rfc1 Rc8 23. a4 Rec7 24. Qb5 Nb4 25. Rxc7 Rxc7 26. Qxb6 1-0


[Site "https://www.chess.com"]

[Event "Titled Tuesday Blitz April 18 Early 2023"]
[White "Valle Maytin, Luis Enrique"]
[Black "Kosteniuk, Alexandra"]
[WhiteFideId "3503666"]
[BlackFideId "4128125"]
[WhiteElo "2225"]
[BlackElo "2453"]
[Result "0-1"]
[Round "01"]
[TimeControl "180+2"]
[Date "2023.04.18"]
[WhiteClock "0:00:11"]
[BlackClock "0:00:47"]

1. d4 f5 2. g4 d5 3. gxf5 Bxf5 4. Bg2 Nf6 5. Bf4 c5 6. c3 Nc6 7. Qa4 Qb6 8. b3 cxd4 9. Nf3 dxc3 10. Nxc3 e6 11. O-O Bc5 12. Nh4 O-O-O 13. Rac1 g5 14. Nxf5 gxf4 15. Nh4 Rhg8 16. a3 Ng4 17. b4 Bxf2+ 18. Kh1 Bxh4 19. b5 Nf2+ 20. Rxf2 Qxf2 21. Rg1 Ne5 22. Qa5 0-1


[Site "https://www.chess.com"]

[Event "Titled Tuesday Blitz April 18 Early 2023"]
[White "Bilych, Olexiy"]
[Black "Akylbek2021"]
[WhiteFideId "14156504"]
[WhiteElo "2320"]
[BlackElo "2372"]
[Result "0-1"]
[Round "01"]
[TimeControl "180+2"]
[Date "2023.04.18"]
[WhiteClock "0:00:04"]
[BlackClock "0:00:43"]

1. Nf3 Nf6 2. c4 c5 3. Nc3 g6 4. d4 cxd4 5. Nxd4 Bg7 6. e4 d6 7. Be2 O-O 8. O-O Nc6 9. Be3 Bd7 10. h3 Qa5 11. Nb3 Qd8 12. Qd2 Rc8 13. Rac1 Ne5 14. c5 Bc6 15. cxd6 exd6 16. f4 Ned7 17. Qxd6 Nxe4 18. Nxe4 Bxe4 19. Rxc8 Qxc8 20. Rc1 Bc6 21. Nd4 Qe8 22. Kf2 Nf6 23. Bf3 Bxf3 24. gxf3 Qa4 25. a3 Re8 26. b3 Qa5 27. Qc5 Qd8 28. Nb5 Nd5 29. Bd2 Qh4+ 30. Kf1 Qxh3+ 31. Kf2 Qh2+ 32. Kf1 Qxd2 33. Nd6 Ne3+ 34. Kg1 Qg2# 0-1


[Site "https://www.chess.com"]

[Event "Titled Tuesday Blitz April 18 Early 2023"]
[White "Rangel, Daniel"]
[Black "Nouri, Alekhine"]
[WhiteFideId "2124475"]
[BlackFideId "5216184"]
[WhiteElo "2256"]
[BlackElo "2151"]
[Result "0-1"]
[Round "01"]
[TimeControl "180+2"]
[Date "2023.04.18"]
[WhiteClock "0:00:03"]
[BlackClock "0:01:41"]

1. c4 g6 2. Nc3 Bg7 3. g3 c5 4. Bg2 Nc6 5. e3 Nf6 6. Nge2 O-O 7. O-O Rb8 8. d4 cxd4 9. exd4 d6 10. d5 Ne5 11. b3 a6 12. Bb2 b5 13. cxb5 axb5 14. Nd4 b4 15. Nce2 Bb7 16. Nc6 Bxc6 17. dxc6 Qc7 18. Nd4 Rb6 19. h3 d5 20. Rc1 Ne4 21. Qe2 Nxc6 22. Nxc6 Rxc6 23. Rxc6 Qxc6 24. Bxe4 dxe4 25. Bxg7 Kxg7 26. Re1 f5 27. Rd1 Rc8 28. h4 h5 29. Qe3 Qc2 30. Rd7 Kf7 31. Qh6 Qc1+ 32. Qxc1 Rxc1+ 33. Kg2 Rc2 34. Kf1 Rxa2 35. Rb7 Rb2 36. Rxb4 Kf6 0-1


[Site "https://www.chess.com"]

[Event "Titled Tuesday Blitz April 18 Early 2023"]
[White "Williams, Simon K"]
[Black "Dwilewicz, Katarzyna"]
[WhiteFideId "404454"]
[BlackFideId "1148486"]
[WhiteElo "2468"]
[BlackElo "2065"]
[Result "1-0"]
[Round "01"]
[TimeControl "180+2"]
[Date "2023.04.18"]
[WhiteClock "0:00:29"]
[BlackClock "0:00:01"]

1. d4 d5 2. c4 dxc4 3. Nf3 Nf6 4. e3 Bg4 5. Bxc4 e6 6. h3 Bh5 7. Qb3 Bxf3 8. gxf3 b6 9. Nc3 Be7 10. f4 O-O 11. Qd1 Nbd7 12. Qf3 c5 13. d5 exd5 14. Nxd5 Nxd5 15. Bxd5 Rc8 16. O-O Nf6 17. Bc4 Qc7 18. Bd2 Ne8 19. e4 Nd6 20. Bd3 c4 21. Bc2 Qc6 22. Qg2 f5 23. e5 Ne4 24. Bxe4 fxe4 25. Rfe1 Rcd8 26. Rad1 Rd3 27. Bc3 Rxf4 28. Rxd3 cxd3 29. Re3 Bc5 30. Rxd3 Bxf2+ 31. Kh1 Bc5 32. Rd8+ Kf7 33. e6+ Kxe6 34. Bd2 e3 35. Qxc6+ 1-0


[Site "https://www.chess.com"]

[Event "Titled Tuesday Blitz April 18 Early 2023"]
[White "Van Dael, Siem"]
[Black "Manukyan, Sargis A."]
[WhiteFideId "1049771"]
[BlackFideId "13303970"]
[WhiteElo "2336"]
[BlackElo "2187"]
[Result "0-1"]
[Round "01"]
[TimeControl "180+2"]
[Date "2023.04.18"]
[WhiteClock "0:00:07"]
[BlackClock "0:00:49"]

1. e4 c5 2. Nf3 d6 3. d4 cxd4 4. Nxd4 Nf6 5. Nc3 g6 6. Be3 Bg7 7. f3 O-O 8. Qd2 Nc6 9. O-O-O d5 10. Kb1 e6 11. g4 Nxd4 12. Bxd4 dxe4 13. g5 Nh5 14. Nxe4 Bxd4 15. Qxd4 Qxd4 16. Rxd4 b6 17. Bb5 Bb7 18. Rhd1 a6 19. Bf1 Bxe4 20. fxe4 Rfc8 21. a4 Rc5 22. h4 Kg7 23. b4 Rc3 24. Kb2 Rac8 25. R1d2 a5 26. b5 Nf4 27. Rd6 Rf3 28. Bd3 Rb8 29. e5 Rh3 30. Be4 Rxh4 31. Rf2 Nh3 32. Re2 Nxg5 33. Bg2 Rxa4 34. c3 h5 35. Rf2 Rg4 36. Rd7 h4 37. Bh3 Nxh3 38. Rdxf7+ Kh6 39. R2f6 Ng5 40. Re7 h3 41. Rf2 Rg2 42. Rxg2 hxg2 43. Re8 Rxe8 0-1


[Site "https://www.chess.com"]

[Event "Titled Tuesday Blitz April 18 Early 2023"]
[White "Colas, Joshua"]
[Black "Kula, Robert"]
[WhiteFideId "2044447"]
[BlackFideId "1101218"]
[WhiteElo "2347"]
[BlackElo "2180"]
[Result "1-0"]
[Round "01"]
[TimeControl "180+2"]
[Date "2023.04.18"]
[WhiteClock "0:00:19"]
[BlackClock "0:00:40"]

1. Nf3 d5 2. d4 Nf6 3. g3 g6 4. Bg2 Bg7 5. O-O O-O 6. c4 c6 7. Qb3 dxc4 8. Qxc4 Nbd7 9. Qc2 Nb6 10. e4 Bg4 11. Be3 Rc8 12. h3 Be6 13. Ng5 Bd7 14. f4 h6 15. Nf3 Nxe4 16. g4 f5 17. Ne5 Bxe5 18. fxe5 Nd5 19. Bxh6 Rf7 20. Bxe4 fxe4 21. Nd2 Rh7 22. Rf8+ Qxf8 23. Bxf8 Rxf8 24. Qxe4 Kg7 25. Rf1 Rxf1+ 26. Nxf1 Be6 27. Qf3 Rh8 28. Ne3 Rf8 29. Qg3 Nf4 30. Kh2 Ne2 31. Qh4 Rf7 32. Nf5+ gxf5 33. Qg5+ Kf8 34. Qh6+ Ke8 35. Qxe6 Kf8 36. gxf5 Nxd4 37. Qc8+ Kg7 38. f6+ exf6 39. Qg4+ Kf8 40. Qxd4 fxe5 41. Qxe5 a6 42. h4 Re7 43. Qf6+ Ke8 44. h5 Re2+ 45. Kg3 Re3+ 46. Kg4 Re1 47. Qh8+ Kd7 48. h6 Ke6 49. Qe8+ Kf6 50. Qxe1 1-0


[Site "https://www.chess.com"]

[Event "Titled Tuesday Blitz April 18 Early 2023"]
[White "mohsengabr2002"]
[Black "Chor, Kevin"]
[BlackFideId "2090740"]
[WhiteElo "2366"]
[BlackElo "2704"]
[Result "0-1"]
[Round "01"]
[TimeControl "180+2"]
[Date "2023.04.18"]
[WhiteClock "0:00:41"]
[BlackClock "0:00:30"]

1. d4 Nf6 2. c3 g6 3. Nd2 Bg7 4. e4 O-O 5. Bd3 d6 6. Ngf3 Nbd7 7. O-O e5 8. d5 Nh5 9. g3 Nc5 10. Be2 Bh3 11. Re1 Nf6 12. Ng5 Bd7 13. b4 Ba4 14. Nb3 Ncxe4 15. Nxe4 Nxe4 16. Qd3 f5 17. Bf3 Bxb3 18. axb3 Nxc3 19. Bg2 e4 20. Qc2 Ne2+ 21. Qxe2 Bxa1 22. Be3 Bg7 23. b5 a6 24. Rc1 Qe7 25. Bf1 g5 26. Qd2 h6 27. bxa6 bxa6 28. Rc6 f4 29. gxf4 gxf4 30. Bxf4 Rab8 31. Bc4 Qf6 32. Bg3 Rf7 33. Rxa6 h5 34. h4 Re8 35. Qe3 Bh6 36. Qe2 e3 37. fxe3 Rxe3 38. Qf2 Qg6 39. Ra8+ Kh7 40. Qxe3 Bxe3+ 41. Kg2 Rf2+ 42. Kh3 Qg4# 0-1


[Site "https://www.chess.com"]

[Event "Titled Tuesday Blitz April 18 Early 2023"]
[White "Rakotomaharo, Fy Antenaina"]
[Black "Koridze, Lile"]
[WhiteFideId "13100050"]
[BlackFideId "13612514"]
[WhiteElo "2427"]
[BlackElo "2047"]
[Result "0-1"]
[Round "01"]
[TimeControl "180+2"]
[Date "2023.04.18"]
[WhiteClock "0:00:02"]
[BlackClock "0:00:04"]

1. Nf3 Nf6 2. c4 e6 3. b3 d5 4. Bb2 Be7 5. g3 O-O 6. Bg2 c5 7. cxd5 exd5 8. d4 Nc6 9. O-O b6 10. Nbd2 Bb7 11. Rc1 Rc8 12. Re1 Ne4 13. dxc5 Nxc5 14. Qc2 Bf6 15. Rcd1 Bxb2 16. Qxb2 Qe7 17. Nd4 Nxd4 18. Qxd4 Rcd8 19. Nf3 Rfe8 20. Nh4 Qe6 21. Rd2 h6 22. Red1 Ne4 23. Rc2 Rc8 24. Rdc1 Rxc2 25. Rxc2 Rc8 26. Qb2 Rxc2 27. Qxc2 g6 28. Nf3 Qf6 29. Qc1 Nc3 30. Qd2 Kg7 31. e3 Ne4 32. Qd4 Qxd4 33. Nxd4 Kf6 34. Kf1 Ke5 35. Ke1 f5 36. Bf1 g5 37. f4+ gxf4 38. gxf4+ Kf6 39. Bb5 Nd6 40. Bd3 Ne4 41. a3 Nc5 42. Bc2 Ne4 43. Ke2 Nc5 44. Kf3 Ne4 45. Kg2 Bc8 46. Kh3 Be6 47. Kh4 Bf7 48. b4 Bg6 49. Nc6 a6 50. Bd3 Nf2 0-1


[Site "https://www.chess.com"]

[Event "Titled Tuesday Blitz April 18 Early 2023"]
[White "Real_taiatai"]
[Black "Amilal Munkhdalai"]
[BlackFideId "4903250"]
[WhiteElo "2365"]
[BlackElo "2293"]
[Result "1/2-1/2"]
[Round "01"]
[TimeControl "180+2"]
[Date "2023.04.18"]
[WhiteClock "0:00:21"]
[BlackClock "0:01:26"]

1. b3 e5 2. Bb2 Nc6 3. e3 d6 4. g3 g6 5. Bg2 Bg7 6. Ne2 Nge7 7. d3 O-O 8. O-O Be6 9. a3 d5 10. Nd2 f5 11. f4 e4 12. Bxg7 Kxg7 13. Qc1 Ng8 14. Qb2+ Qf6 15. Qxf6+ Nxf6 16. d4 Ng4 17. Rfc1 Nxe3 18. h3 Nxg2 19. Kxg2 Rfd8 20. Nf1 Rac8 21. Ne3 Ne7 22. b4 b6 23. Kf2 Bd7 24. Ke1 Bb5 25. Kd2 c5 26. c3 Nc6 27. Rd1 Bxe2 28. Kxe2 cxd4 29. cxd4 Kf6 30. Rac1 Nxd4+ 31. Kf2 Rxc1 32. Rxc1 Ne6 33. Rc6 Ke7 34. b5 Rd6 35. Rc8 Rd7 36. a4 Nc5 37. a5 Nd3+ 38. Ke2 bxa5 39. Nc2 Nb4 40. Nd4 Kd6 41. Rc3 Rc7 42. Ra3 Nc2 43. Nxc2 Rxc2+ 44. Kd1 Rc7 45. Rxa5 Kc5 46. b6+ Kxb6 47. Rxd5 a5 48. g4 Rf7 49. gxf5 Rxf5 50. Rd7 Rh5 51. Re7 Rxh3 52. Rxe4 Kb5 53. f5 gxf5 54. Re5+ Kb4 55. Rxf5 a4 56. Kc2 Rh2+ 57. Kb1 a3 58. Rf4+ Kc5 59. Rf3 a2+ 60. Ka1 h5 61. Rf5+ Kd4 62. Rf4+ Ke3 63. Re4+ Kxe4 1/2-1/2


[Site "https://www.chess.com"]

[Event "Titled Tuesday Blitz April 18 Early 2023"]
[White "Dehtiarov, Roman"]
[Black "Ansh M Shah"]
[WhiteFideId "14186640"]
[BlackFideId "25033379"]
[WhiteElo "2189"]
[BlackElo "2084"]
[Result "1-0"]
[Round "01"]
[TimeControl "180+2"]
[Date "2023.04.18"]
[WhiteClock "0:00:24"]
[BlackClock "0:00:02"]

1. c4 Nf6 2. Nc3 e6 3. e4 d5 4. cxd5 exd5 5. e5 d4 6. exf6 dxc3 7. Bb5+ c6 8. Qe2+ Be6 9. Bc4 cxd2+ 10. Bxd2 Qxf6 11. Bc3 Qe7 12. O-O-O Nd7 13. Nf3 O-O-O 14. Rhe1 Rg8 15. Bxe6 Qxe6 16. Qxe6 fxe6 17. Ng5 Nc5 18. Rxd8+ Kxd8 19. b4 Be7 20. Nxe6+ Nxe6 21. Rxe6 Kd7 22. Re2 Bf6 23. Bxf6 gxf6 24. g3 Rg4 25. a3 a5 26. bxa5 Ra4 27. Kb2 Rxa5 28. Rd2+ Ke7 29. Re2+ Kd7 30. f4 h5 31. Kb3 h4 32. g4 Rb5+ 33. Kc3 Ra5 34. Kb4 Rb5+ 35. Ka4 Rd5 36. Rf2 Ke6 37. Kb3 Rd3+ 38. Kb4 Rd4+ 39. Kc5 Ra4 40. Rf3 Ra5+ 41. Kb6 Rb5+ 42. Kc7 Rb2 43. h3 Kd5 44. f5 Ke4 45. Rf1 Ke5 46. g5 fxg5 47. f6 1-0


[Site "https://www.chess.com"]

[Event "Titled Tuesday Blitz April 18 Early 2023"]
[White "Marcziter, Dmitrii"]
[Black "HSH1987"]
[WhiteFideId "13900765"]
[WhiteElo "2162"]
[BlackElo "2697"]
[Result "1/2-1/2"]
[Round "01"]
[TimeControl "180+2"]
[Date "2023.04.18"]
[WhiteClock "0:00:14"]
[BlackClock "0:00:10"]

1. e4 c6 2. c4 d5 3. exd5 cxd5 4. cxd5 Nf6 5. Nc3 g6 6. Qb3 Bg7 7. Nf3 O-O 8. d4 Na6 9. Bc4 Qb6 10. O-O Rd8 11. Bf4 Qxb3 12. axb3 Nb4 13. Bc7 Rd7 14. Ba5 Nbxd5 15. Ne5 e6 16. Nxd7 Bxd7 17. Nxd5 exd5 18. Bd3 Ne4 19. Bc3 a6 20. f3 Nd6 21. Rfd1 h5 22. Kf2 h4 23. Bf1 Bf6 24. Rac1 Nf5 25. g4 hxg3+ 26. hxg3 Re8 27. g4 Nd6 28. Re1 Bh4+ 29. Kg2 Bxe1 30. Rxe1 Rxe1 31. Bxe1 Bb5 32. Bxb5 Nxb5 33. Bc3 f6 34. f4 Kf7 35. Kf3 f5 36. g5 Ke6 37. Ke3 Kd7 38. Kd3 Kc6 39. Bb4 Nc7 40. Be1 Ne6 41. Ke3 Kb5 42. Bd2 a5 43. Kd3 a4 44. bxa4+ Kxa4 45. Kc3 Nd8 46. Bc1 Nc6 47. b3+ Kb5 48. Ba3 Nd8 49. Bd6 Kc6 50. Be5 Kb5 51. Bd6 Nc6 52. Be5 b6 53. Bd6 Na5 54. Bf8 Nb7 55. Be7 Kc6 56. Kb4 Na5 57. Bf8 Nb7 58. Kc3 Kb5 59. Be7 Na5 60. Bf8 Nc6 61. Bd6 Nd8 62. Be5 Ne6 63. Bd6 Ng7 64. Be5 Nh5 65. Bb8 Ng3 66. Be5 Ne4+ 67. Kb2 Kb4 68. Bg7 Nf2 69. Bf8+ Kb5 70. Bd6 Kc6 71. Be5 Kb5 72. Kc3 Ne4+ 73. Kb2 Kb4 74. Bg7 Nd2 75. Bf8+ Kb5 76. Kc3 Nf3 77. Bg7 Ng1 78. Be5 Nh3 79. Kb2 Nf2 80. Kc3 Ne4+ 1/2-1/2


[Site "https://www.chess.com"]

[Event "Titled Tuesday Blitz April 18 Early 2023"]
[White "Horvath, Dominik"]
[Black "Pavlidou, Ekaterini"]
[WhiteFideId "1642561"]
[BlackFideId "4213262"]
[WhiteElo "2407"]
[BlackElo "2126"]
[Result "1-0"]
[Round "01"]
[TimeControl "180+2"]
[Date "2023.04.18"]
[WhiteClock "0:02:01"]
[BlackClock "0:01:42"]

1. d4 Nf6 2. Nf3 e6 3. Bf4 d5 4. e3 Bd6 5. Ne5 c5 6. c3 O-O 7. Nd2 Nc6 8. Bd3 Ne7 9. h4 b6 10. h5 h6 11. g4 Bb7 12. g5 hxg5 13. Bxg5 Bxe5 14. dxe5 Ne4 15. Bxe4 dxe4 16. Rg1 Kh8 17. Qg4 Rg8 18. O-O-O Qf8 19. Nxe4 Nf5 20. Nd6 f6 21. Bf4 Nxd6 22. Rxd6 f5 23. Qg6 Qe8 24. Rxe6 Qxg6 25. hxg6 Rge8 26. Rd6 Rad8 27. Rgd1 Rxd6 28. exd6 Bc6 29. d7 Rd8 30. Rd6 Bb5 31. c4 1-0


[Site "https://www.chess.com"]